 Dungeon Crawl Stone Soup version 0.24.0 (webtiles) character file.

Game seed: 11323660195910068241, levelgen mode: deterministic

805 Faels the Slasher (level 7, -2/52 HPs)
             Began as a Demonspawn Fighter on Apr 4, 2020.
             Was an Initiate of Okawaru.
             Slain by an orc warrior
             ... wielding a +2 flail of holy wrath
              (7 damage)
             ... on level 5 of the Dungeon.
             The game lasted 00:17:03 (5628 turns).

Faels the Slasher (Demonspawn Fighter)              Turns: 5628, Time: 00:17:03

Health: -2/52      AC: 11    Str: 16    XL:     7   Next: 60%
Magic:  0/7        EV: 10    Int: 10    God:    Okawaru [......]
Gold:   269        SH: 11    Dex: 14    Spells: 6/6 levels left

rFire    . . .     SeeInvis .   a - +0 long sword
rCold    . . .     Gourm    .   c - +3 shield
rNeg     . . .     Faith    .   G - +0 ring mail
rPois    .         Spirit   +   s - +0 helmet
rElec    .         Reflect  .   (no cloak)
rCorr    .         Harm     .   n - +0 pair of gloves
MR       .....                  y - +0 pair of boots
Stlth    ++........             (no amulet)
HPRegen  0.17/turn              j - ring of stealth
MPRegen  0.10/turn              (no ring)

@: no status effects
A: claws 1, thin metallic scales 2, spiny 1, magic shield
a: Renounce Religion


You were on level 5 of the Dungeon.
You worshipped Okawaru.
Okawaru was noncommittal.
You were not hungry.

You visited 2 branches of the dungeon, and saw 7 of its levels.
You also visited: Sewer.

You collected 269 gold pieces.

Inventory:

Hand Weapons
 a - a +0 long sword (weapon)
 p - a +0 dagger
 F - a +1 hand axe of draining
Missiles
 o - 5 atropa-tipped darts
 q - 5 boomerangs of dispersal
 C - 4 boomerangs (quivered)
Armour
 b - a +0 scale mail
 c - a +3 shield (worn)
 n - a +0 pair of gloves (worn)
 s - a +0 helmet (worn)
 y - a +0 pair of boots (worn)
 G - a +0 ring mail (worn)
Jewellery
 h - an uncursed ring of ice
 j - a ring of stealth (left hand)
Wands
 I - a wand of flame (16)
Scrolls
 g - 2 scrolls of blinking
 l - a scroll of fog
 r - a scroll of remove curse
 t - 5 scrolls of teleportation
 v - 3 scrolls of fear
 B - a scroll of amnesia {unknown}
 D - a scroll of magic mapping {unknown}
 E - a scroll of silence {unknown}
 H - a scroll of identify
Potions
 d - 3 potions of might
 e - a potion of cancellation {unknown}
 i - a potion of resistance {unknown}
 k - a potion of agility
 m - 2 potions of heal wounds {unknown}
 u - 2 potions of magic
 w - 2 potions of haste {unknown}
 x - 2 potions of brilliance
 z - 2 potions of curing
 A - a potion of flight {unknown}
Comestibles
 f - 9 rations
 J - 4 chunks of flesh


   Skills:
 - Level 3.0 Fighting
 * Level 6.6 Long Blades
 - Level 2.6 Armour
 + Level 4.2 Dodging
 - Level 2.6 Shields


You had 6 spell levels left.
You didn't know any spells.
Your spell library contained the following spells:

 Spells                   Type           Power        Failure   Level  Hunger
 Animate Skeleton         Necr           N/A          98%         1    ##.....
 Apportation              Tloc           #.....       98%         1    ##.....
 Confusing Touch          Hex            #.....       98%         1    ##.....
 Summon Small Mammal      Summ           #...         98%         1    ##.....


Dungeon Overview and Level Annotations

Branches:
Dungeon (6/15)             Temple (1/1) D:4           Sewer (visited)

Altars:
Ashenzari
Cheibriados
Dithmenos
Elyvilon
Fedhas
Gozag
Hepliaklqana
Kikubaaqudgha
Makhleb
Nemelex Xobeh
Okawaru
Qazlal
Sif Muna
Trog
Uskayaw
Vehumet
Wu Jian
Yredelemnul
The Shining One


Innate Abilities, Weirdness & Mutations

You have sharp fingernails.
You are mostly covered in thin metallic scales. (AC +3)
You are partially covered in sharp spines.
When hurt, damage is shared between your health and your magic reserves.


Message History

You hit the orc but do no damage.
Found 22 stones.
There is a stone staircase leading up here.
The orc priest miscasts a cantrip.
The orc hits you. You block the orc warrior's attack.
You climb upwards.
There is a stone staircase leading down here.
You block the orc's attack.
You slash the orc warrior!
The orc warrior is moderately wounded.
The orc warrior is struck by your spines.
The orc warrior hits you with a +2 flail of holy wrath!
You convulse!
* * * LOW HITPOINT WARNING * * *
Your shield and ring mail prevent you from hitting the orc warrior.
The orc warrior is moderately wounded.
The orc warrior hits you with a +2 flail of holy wrath!
* * * LOW HITPOINT WARNING * * *
You convulse!
You die...

#.######### #.#
#....
#.........# #.#
#.###
#########.# #.#
#.# #.# #.# #.#
#.# #.# #.# #.#
#.# #.### #.#
#.# #.)>#
#.###########.##
#####
#.ooo@.........#
###≈≈
#..##########.##
#≈≈≈≈ #.># ###
###≈≈ #..# #≈≈≈
#..## #####
#...# #≈≈≈≈
#.#.# ###≈≈##
##########.#.#
#≈≈≈#≈≈
#..........#.#
#######


You could see an orc warrior and 2 orcs.

Vanquished Creatures
  Purgy (D:4)
  An ogre (D:4)
  A scorpion (D:5)
  3 crimson imps
  3 orc wizards
  An orc priest (D:3)
  A jelly (D:5)
  A centaur skeleton (D:4)
  2 worker ants
  A hound skeleton (D:4)
  3 gnolls (D:4)
  11 adders
  An ooze (D:3)
  5 worms
  4 dart slugs
  A leopard gecko (D:1)
  19 orcs
  5 ball pythons
  3 bats
  2 giant cockroaches (D:1)
  8 hobgoblins
  11 frilled lizards
  8 goblins
  8 kobolds
  A leopard gecko skeleton (D:4)
  12 rats
117 creatures vanquished.

Notes
Turn   | Place    | Note
-------+----------+-------------------------------------------
     0 | D:1      | Faels the Demonspawn Fighter began the quest for the Orb.
     0 | D:1      | Reached XP level 1. HP: 18/18 MP: 1/1
    71 | D:1      | Reached skill level 2 in Long Blades
   319 | D:1      | Gained mutation: You are partially covered in thin metallic
                  | scales. (AC +2) [demonic ancestry]
   319 | D:1      | Reached XP level 2. HP: 24/24 MP: 2/2
   818 | D:1      | Reached skill level 1 in Dodging
  1401 | D:2      | Gained mutation: When hurt, damage is shared between your
                  | health and your magic reserves. [demonic ancestry]
  1401 | D:2      | Reached XP level 3. HP: 29/29 MP: 3/3
  1441 | D:2      | Found an ancient bone altar of Kikubaaqudgha.
  1441 | D:2      | Found a stormy altar of Qazlal.
  1605 | D:2      | Reached skill level 3 in Long Blades
  2146 | D:3      | You fall into a shaft and drop 1 floor!
  2146 | D:4      | Noticed Purgy
  2178 | D:3      | Gained mutation: You have sharp fingernails. [demonic
                  | ancestry]
  2178 | D:3      | Reached XP level 4. HP: 24/35 MP: 0/4
  2215 | D:3      | Reached skill level 4 in Long Blades
  2230 | D:3      | Gained mutation: You are mostly covered in thin metallic
                  | scales. (AC +3) [demonic ancestry]
  2230 | D:3      | Reached XP level 5. HP: 10/41 MP: 3/5
  2414 | D:3      | Found a glowing drain.
  2452 | Sewer    | Entered a sewer
  3103 | D:3      | Found a faded altar of an unknown god.
  3533 | D:4      | Gained mutation: You are partially covered in sharp spines.
                  | [demonic ancestry]
  3533 | D:4      | Reached XP level 6. HP: 47/47 MP: 6/6
  3549 | D:4      | Reached skill level 5 in Long Blades
  3845 | D:4      | Killed Purgy
  3845 | D:4      | Reached XP level 7. HP: 41/52 MP: 5/7
  4180 | D:4      | Found a staircase to the Ecumenical Temple.
  4193 | D:4      | Reached skill level 6 in Long Blades
  4238 | D:4      | Found a basalt altar of Yredelemnul.
  4238 | D:4      | Found a hide-covered altar of Uskayaw.
  4410 | D:5      | Entered Level 5 of the Dungeon
  5102 | Temple   | Entered the Ecumenical Temple
  5290 | Temple   | Became a worshipper of Warmaster Okawaru
  5628 | D:5      | Slain by an orc warrior

Levels and vault maps discovered:
D:1:      onia_arrival_mini_maze, layout_basic
D:2:      layout_basic, gammafunk_temple_overflow_elements
D:3:      layout_basic, chequers_ecumenical_altar_lobes,
          cheibrodos_sewer_entry_bend
D:4:      layout_cave_pools, minitemple, minmay_temple_entry_from_below_a,
          first_ration, uniq_purgy
D:5:      layout_loops_ring, serial_rivers, chequers_serial_rivers_micro_a,
          chequers_serial_rivers_small_3, chequers_serial_rivers_large_b,
          chequers_serial_rivers_micro_a, chequers_serial_rivers_room_b
D:6:      layout_rooms, kennysheep_boxes
Temple:   regret_index_temple_generic_petals
